 Dungeon Crawl Stone Soup version 0.21.1-1-g345015fe64 (webtiles) character file.

280 Gargoyl the Skirmisher (level 6, -1/52 HPs)
             Began as a Centaur Abyssal Knight on June 20, 2018.
             Was a Believer of Lugonu.
             Slain by abdbla's ghost (5 damage)
             ... on level 3 of the Dungeon.
             The game lasted 00:05:11 (2909 turns).

Gargoyl the Skirmisher (Centaur Abyssal Knight)     Turns: 2909, Time: 00:05:12

Health: -1/52      AC: 11    Str: 15    XL:     6   Next: 5%
Magic:  8/8        EV:  3    Int: 11    God:    Lugonu [**....]
Gold:   107        SH:  7    Dex: 10    Spells: 5/5 levels left

rFire    . . .     SeeInvis .   a - +2 hand axe
rCold    . . .     Gourm    .   h - +0 shield
rNeg     . . .     Faith    .   j - +0 ring mail
rPois    .         Spirit   .   d - +0 helmet
rElec    .         Reflect  .   (no cloak)
rCorr    +         Harm     .   (no gloves)
MR       .....                  k - +0 centaur barding
Stlth    ..........             (no amulet)
HPRegen  0.17/turn              r - ring of resist corrosion
MPRegen  0.11/turn              n - ring of loudness (curse)

@: very quick
A: large, hooves 3, deformed body, speed 2, tough skin 3
a: Depart the Abyss, Bend Space, Renounce Religion


You were on level 3 of the Dungeon.
You worshipped Lugonu.
Lugonu was pleased with you.
You were hungry.

You visited 1 branch of the dungeon, and saw 3 of its levels.
You visited the Abyss 1 time.

You collected 107 gold pieces.

Inventory:

Hand Weapons
 a - a +2 hand axe (weapon)
Missiles
 o - 5 tomahawks (quivered)
Armour
 d - a +0 helmet (worn)
 h - a +0 shield (worn)
 j - a +0 ring mail (worn)
 k - a +0 centaur barding (worn)
Jewellery
 b - an uncursed ring of see invisible
 n - a cursed ring of loudness (right hand)
 r - a ring of resist corrosion (left hand)
Wands
 l - a wand of acid (5)
Scrolls
 i - 2 scrolls of teleportation
Potions
 e - 2 potions of curing
 g - a potion of agility {unknown}
 m - 2 potions of mutation {unknown}
Books
 f - a book of Callings

   Spells                             Type                      Level
   a - Summon Small Mammal            Summoning                    1
   b - Call Imp                       Summoning                    2
   c - Call Canine Familiar           Summoning                    3
   d - Summon Guardian Golem          Hexes/Summoning              3
   e - Summon Lightning Spire         Summoning/Air                4
   f - Summon Ice Beast               Ice/Summoning                4
Comestibles
 c - 3 rations


   Skills:
 + Level 3.9 Fighting
 + Level 3.2 Axes
 * Level 2.6 Armour
 + Level 1.4 Dodging
 + Level 0.3 Shields
 * Level 3.4 Invocations


You had 5 spell levels left.
You didn't know any spells.

Dungeon Overview and Level Annotations

Branches:
Dungeon (3/15)

Altars:
Ashenzari

Annotations:
D:3 abdbla's ghost, amateur GrFi


Innate Abilities, Weirdness & Mutations

You have hooves in place of feet.
Armour fits poorly on your strangely shaped body.
You cover ground very quickly.
You have extremely tough skin. (AC +3)


Message History

Abdbla's ghost is almost destroyed.
Abdbla's ghost hits you!
Your shield and ring mail prevent you from hitting abdbla's ghost.
You kick abdbla's ghost, but do no damage.
Abdbla's ghost is almost destroyed.
Abdbla's ghost hits you.
You hit abdbla's ghost but do no damage.
Abdbla's ghost is almost destroyed.
Abdbla's ghost hits you!
* * * LOW HITPOINT WARNING * * *
You hit abdbla's ghost but do no damage.
You kick abdbla's ghost, but do no damage.
Abdbla's ghost is almost destroyed.
Abdbla's ghost barely misses you. Abdbla's ghost hits you.
* * * LOW HITPOINT WARNING * * *
You hit abdbla's ghost but do no damage.
You kick abdbla's ghost.
Abdbla's ghost is almost destroyed.
Abdbla's ghost hits you.
You die...

..... #..(#..###+##...##.....
.....######.##..###.##....#.#..#
#...)....##...##.###...._.).#
#.........#.#.##.# #...#.#...
#.........#.#.##.# #.........
#...<.......#..#.# ##........
#######........#.## #........
#...........###........
###....W@................
#.................#####..
#...######........# .. #...#
###........# #...# #....>.....#
#)†.# #...##.....# #.....)...#
#...........# ###.......#
#.......#...# #.......#
#.......#..(#


You could see abdbla's ghost.

Vanquished Creatures
  Sigmund (D:2)
  Jessica (D:2)
  4 adders (D:3)
  2 dart slugs
  4 leopard geckos
  2 orcs (D:3)
  2 giant cockroaches (D:1)
  8 goblins
  4 hobgoblins
  6 jackals (D:1)
  2 ball pythons
  4 bats
  5 frilled lizards
  5 kobolds
  2 rats
52 creatures vanquished.

Notes
Turn   | Place    | Note
-------+----------+-------------------------------------------
     0 | Abyss:1  | Gargoyl the Centaur Abyssal Knight began the quest for the Orb.
     0 | Abyss:1  | Reached XP level 1. HP: 19/19 MP: 2/2
    97 | Abyss:1  | Noticed a spatial vortex
    98 | Abyss:1  | Noticed a spatial vortex
   100 | Abyss:1  | Noticed a spatial vortex
   101 | Abyss:1  | Noticed a spatial vortex
   113 | Abyss:1  | Noticed a blizzard demon
   115 | Abyss:1  | Noticed an ancient zyme
   115 | D:1      | Escaped the Abyss
   129 | D:1      | Noticed a swamp drake
   129 | D:1      | Noticed a polar bear
   129 | D:1      | Noticed an anaconda
   174 | D:1      | Reached * piety under Lugonu
   221 | D:1      | Reached XP level 2. HP: 24/26 MP: 3/3
   596 | D:1      | Reached XP level 3. HP: 28/31 MP: 4/4
   929 | D:2      | Noticed Sigmund
  1366 | D:2      | Killed Sigmund
  1366 | D:2      | Reached skill level 1 in Dodging
  1366 | D:2      | Reached XP level 4. HP: 26/40 MP: 4/6
  1366 | D:2      | Reached XP level 5. HP: 30/46 MP: 4/7
  1696 | D:2      | Noticed Jessica
  1697 | D:2      | Killed Jessica
  2201 | D:3      | Noticed abdbla's ghost (amateur GrFi)
  2343 | D:3      | Found a shattered altar of Ashenzari.
  2526 | D:3      | Reached ** piety under Lugonu
  2526 | D:3      | Reached XP level 6. HP: 50/52 MP: 8/8
  2909 | D:3      | Slain by abdbla's ghost

Skill      XL: |  1  2  3  4  5 |
---------------+----------------+-----
Axes           | 2 3 |  3.2
Armour         | 2 |  2.6
Dodging        | 1 |  1.4
Invocations    | 3 |  3.4
Fighting       | |  3.9
Shields        | |  0.3

Action                   |  1- 3 |  4- 6 || total
-------------------------+-------+-------++-------
Melee: Hand axe          |    83 |    60 ||   143
       Kick              |    15 |    17 ||    32
Invok: Depart the Abyss  |     1 |       ||     1
  Use: Potion            |     1 |     1 ||     2
       Scroll            |       |     5 ||     5
  Eat: Chunk             |     1 |     3 ||     4
Armor: Leather armour    |    55 |     1 ||    56
       Ring mail         |       |    29 ||    29
Dodge: Dodged            |    59 |    17 ||    76
Block: Shield            |     3 |    15 ||    18
